 Dungeon Crawl Stone Soup version 0.23.2-40-g277498a001 (webtiles) character file.

Game seed: 14290654385634799245

50 Martska the Chiller (level 3, -14/26 HPs)
             Began as a Merfolk Ice Elementalist on Sept 29, 2019.
             Killed by divine providence
             ... invoked by an orc priest
              (16 damage)
             ... on level 2 of the Dungeon.
             The game lasted 00:08:09 (1726 turns).

Martska the Chiller (Merfolk Ice Elementalist)      Turns: 1726, Time: 00:08:11

Health: -14/26     AC:  3    Str:  8    XL:     3   Next: 79%
Magic:  6/6        EV: 13    Int: 14    God:
Gold:   48         SH:  0    Dex: 15    Spells: 5/6 levels left

rFire    . . .     SeeInvis .   i - +0 whip
rCold    . . .     Gourm    .   (no shield)
rNeg     . . .     Faith    .   l - +0 leather armour
rPois    .         Spirit   .   (no helmet)
rElec    .         Reflect  .   (no cloak)
rCorr    .         Harm     .   (no gloves)
MR       .....                  (no boots)
Stlth    ++........             (no amulet)
HPRegen  0.08/turn              (no ring)
MPRegen  0.10/turn              (no ring)

@: no status effects
A: change form in water, swift swim, stealthy swim
a: no special abilities


You were on level 2 of the Dungeon.
You were not hungry.

You visited 1 branch of the dungeon, and saw 2 of its levels.

You collected 48 gold pieces.

Inventory:

Hand Weapons
 e - a +0 short sword
 f - a cursed -3 short sword
 i - a +0 whip (weapon)
Missiles
 g - 7 poisoned needles
Armour
 a - a +0 robe
 l - a +0 leather armour (worn)
Wands
 j - a wand of disintegration (10)
Scrolls
 b - 2 scrolls of identify {unknown}
 c - a scroll of enchant armour {unknown}
 h - a scroll of remove curse {unknown}
 k - a scroll of teleportation {unknown}
Potions
 d - 2 potions of curing {unknown}


   Skills:
 * Level 1.4 Fighting
 * Level 3.3 Dodging
 + Level 2.5 Stealth
 + Level 2.3 Spellcasting
   Level 0.7 Conjurations
 + Level 3.8 Ice Magic


You had 5 spell levels left.
You knew the following spells:

 Your Spells              Type           Power        Failure   Level  Hunger
a - Freeze                Ice            ##..         7%          1    #......

Your spell library contained the following spells:

 Spells                   Type           Power        Failure   Level  Hunger
 Throw Frost              Conj/Ice       #.....       21%         2    ###....
 Ozocubu's Armour         Chrm/Ice       #.......     41%         3    ###....
 Throw Icicle             Conj/Ice       #.......     78%         4    #####..
 Summon Ice Beast         Ice/Summ       #.......     83%         4    #####..


Dungeon Overview and Level Annotations

Branches:
Dungeon (2/15)

Altars:


Message History

An orc comes into view. It is wielding a +0 short sword.
An orc comes into view. It is wielding a +0 club.
An orc comes into view. It is wielding a +0 whip.
The orc shouts!
The orc priest invokes the aid of Beogh against you.
Pain shoots through your body!
* * * LOW HITPOINT WARNING * * *
Found a whip.
The orc priest looks encouraged for a moment.
An orc priest comes into view. It is wielding a -2 hand axe.
The orc priest invokes the aid of Beogh against you.
Pain shoots through your body!
* * * LOW HITPOINT WARNING * * *
The orc priest shouts!
The orc priest curses loudly.
The orc priest looks braver for a moment.
The orc priest calls down the wrath of Beogh upon you.
Beogh smites you!
Ouch! That really hurt!
You die...

##............#......
##..#......o.o.#...8.. .
#............#........
#.#...###...#.......####
.......#.....(..#.##.....
.........##........##..>.
..........oo.....#..# ...
..............##..#.###.#
.#......@o...####.#.....#
.............# ##...#####
.......#.....###....#
.......((.#......#..#
........#..<.###........
#...........)(##.........#
##.......................#
....#>.#.....)...........#
.##......................#


You could see 2 orc priests and 2 orcs.

Vanquished Creatures
  A gnoll (D:1)
  2 adders (D:2)
  A bat (D:1)
  2 giant cockroaches (D:1)
  A goblin (D:1)
  2 hobgoblins
  3 jackals (D:1)
  6 kobolds
  A frilled lizard (D:1)
  3 rats
22 creatures vanquished.

Notes
Turn   | Place    | Note
-------+----------+-------------------------------------------
     0 | D:1      | Martska the Merfolk Ice Elementalist began the quest for
                  | the Orb.
     0 | D:1      | Reached XP level 1. HP: 13/13 MP: 3/3
    90 | D:1      | Reached XP level 2. HP: 6/19 MP: 0/5
   657 | D:1      | Reached XP level 3. HP: 11/25 MP: 0/6
  1347 | D:2      | Reached skill level 1 in Fighting
  1726 | D:2      | Killed from afar by an orc priest

Skill      XL: |  1  2  3 |
---------------+----------+-----
Dodging        | 3 |  3.3
Fighting       | 1 |  1.4
Stealth        | |  2.5
Spellcasting   | |  2.3
Conjurations   | |  0.7
Ice Magic      | |  3.8

Action                   || total
-------------------------++-------
Melee: Unarmed           ||     5
       Whip              ||     4
 Cast: Freeze            ||    42
  Eat: Ration            ||     1
Armor: Robe              ||    12
Dodge: Dodged            ||    65
